 Dungeon Crawl Stone Soup version 0.29-a0-1027-gcd8c55af63 (webtiles) character file.

Game seed: 12567946455831414613

195 bladeefan the Trooper (level 5, -1/48 HPs)
             Began as a Hill Orc Monk on Aug 12, 2022.
             Slain by Edmund
             ... wielding a +1 flail of protection
              (4 damage)
             ... on level 4 of the Dungeon.
             The game lasted 00:05:30 (4159 turns).

bladeefan the Trooper (Hill Orc Monk)               Turns: 4159, Time: 00:05:30

Health: -1/48      AC: 15    Str: 16    XL:     5   Next: 74%
Magic:  5/5        EV:  2    Int: 10    God:
Gold:   227        SH:  9    Dex:  8    Spells: 4/4 levels left

rFire   . . .      SeeInvis .   e - +0 war axe
rCold   + . .      Faith    .   o - +0 tower shield
rNeg    + + .      Spirit   .   n - +6 chain mail of Ufuapt {rC+ rN++ rCorr Dex-5}
rPois   .          Reflect  .   (no helmet)
rElec   .          Harm     .   (no cloak)
rCorr   +          Rampage  .   (no gloves)
Will    .....                   g - +0 pair of boots
Stlth   ..........              (no amulet)
HPRegen 0.16/turn               l - ring of wizardry
MPRegen 0.09/turn               (no ring)

@: no status effects
A: no striking features
a: no special abilities


You were on level 4 of the Dungeon.
You visited 1 branch of the dungeon, and saw 4 of its levels.

You collected 227 gold pieces.

Inventory:

Hand Weapons
 e - a +0 war axe (weapon)
   (You found it on level 1 of the Dungeon)
Armour
 g - a +0 pair of boots (worn)
   (You found it on level 1 of the Dungeon)
 n - the +6 chain mail of Ufuapt (worn) {rC+ rN++ rCorr Dex-5}
   (You found it on level 3 of the Dungeon)

   Dex:       It affects your dexterity (-5).
   rC:        It protects you from cold.
   rN:        It greatly protects you from negative energy.
   rCorr:     It protects you from acid and corrosion.
 o - a +0 tower shield (worn)
   (You found it on level 3 of the Dungeon)
Jewellery
 l - a ring of wizardry (left hand)
   (You found it on level 2 of the Dungeon)
 m - a ring of willpower
   (You found it on level 3 of the Dungeon)
 s - a +4 ring of protection
   (You found it on level 4 of the Dungeon)
Scrolls
 b - a scroll of poison {unknown}
 f - a scroll of identify {@r1}
 k - a scroll of amnesia
 q - a scroll of brand weapon {unknown}
 r - 2 scrolls of fog
 t - a scroll of noise {unknown}
Potions
 a - 2 potions of resistance {unknown}
 c - a potion of ambrosia
 d - a potion of brilliance {unknown}
 h - a potion of degeneration {unknown}
 i - a potion of heal wounds {unknown}
 j - a potion of attraction {unknown}
 p - a potion of haste {unknown}


   Skills:
 * Level 5.5 Fighting
 + Level 5.1 Axes
 + Level 2.0 Armour
 - Level 2.9 Dodging
 - Level 1.9 Stealth
 + Level 1.0 Shields


You had 4 spell levels left.
You didn't know any spells.
Your spell library contained the following spells:

 Spells                   Type           Power      Damage    Failure   Level
 Foxfire                  Conj/Fire      0%         2x1d4     100%        1
 Conjure Flame            Conj/Fire      0%         6-21      100%        3
 Inner Flame              Hex/Fire       0%         N/A       100%        3
 Flame Wave               Conj/Fire      0%         2d4       100%        4


Dungeon Overview and Level Annotations

Branches:
Dungeon (4/15)
 Temple: D:4-7

Altars:

Annotations:
D:3 Grinder
D:4 Edmund


Message History

Edmund blinks! x2; You blink.
You slash the ball python!
You kill the ball python!
Edmund hits you with a +1 flail of protection!
You see here a ball python corpse.
You slash Edmund! You block Edmund's attack.
Edmund hits you but does no damage.
You barely miss Edmund.
Edmund hits you with a +1 flail of protection.
You block Edmund's attack.
You hit Edmund. You block Edmund's attack.
You hit Edmund but do no damage. You block Edmund's attack.
Edmund hits you with a +1 flail of protection!
You completely miss Edmund. Edmund hits you but does no damage.
Edmund hits you with a +1 flail of protection.
You hit Edmund but do no damage. Edmund hits you but does no damage.
You block Edmund's attack.
You barely miss Edmund.
Edmund says, "People think my brother is the best.
I think he's crazy."
Edmund hits you but does no damage.
You barely miss Edmund. Edmund hits you but does no damage.
You block Edmund's attack.
You barely miss Edmund.
Edmund hits you with a +1 flail of protection.
* * * LOW HITPOINT WARNING * * *
Edmund hits you but does no damage.
You hit Edmund.
Edmund gestures with his flail.
You block Edmund's attack.
You slash Edmund! Edmund hits you but does no damage.
Edmund hits you with a +1 flail of protection.
* * * LOW HITPOINT WARNING * * *
You hit Edmund. You block Edmund's attack.
Edmund hits you with a +1 flail of protection!
* * * LOW HITPOINT WARNING * * *
You hit Edmund but do no damage. Edmund hits you but does no damage.
You hit Edmund but do no damage.
Edmund hits you with a +1 flail of protection.
* * * LOW HITPOINT WARNING * * *
You block Edmund's attack.
You hit Edmund but do no damage. You block Edmund's attack. x2
Unknown command.
You hit Edmund but do no damage. Edmund hits you but does no damage.
You hit Edmund. You block Edmund's attack. x2
Unknown command.
You hit Edmund but do no damage.
Edmund hits you with a +1 flail of protection!
* * * LOW HITPOINT WARNING * * *
Edmund hits you with a +1 flail of protection.
You die...

#...#......#### #######
##........#....####.....##
#.....[.######......###..#
#.........# ##...### ####
#..##..#..## ##### #.#
#..###.### #### #. #..#
##..###..## # #..#
##......<# ##.# #..@....#
#.@.##### #...## .....##
.^...## ......# ...### .##


You could see Edmund.

Vanquished Creatures
  2 orc wizards
  3 gnolls
  2 adders (D:2)
  A worm (D:4)
  4 dart slugs
  10 orcs
  10 ball pythons
  7 bats
  8 endoplasms
  4 giant cockroaches
  A hobgoblin (D:1)
  3 jackals (D:3)
  8 kobolds
  3 quokkas
  3 frilled lizards
  4 goblins (D:2)
  2 rats
75 creatures vanquished.

Notes
Turn   | Place    | Note
-------+----------+-------------------------------------------
     0 | D:1      | bladeefan the Hill Orc Monk began the quest for the Orb.
     0 | D:1      | Reached XP level 1. HP: 19/19 MP: 1/1
   122 | D:1      | Reached XP level 2. HP: 19/27 MP: 2/2
   519 | D:1      | Reached XP level 3. HP: 27/33 MP: 3/3
   590 | D:1      | Found a faded altar of an unknown god.
  1489 | D:2      | Reached skill level 1 in Armour
  1489 | D:2      | Reached XP level 4. HP: 34/41 MP: 4/4
  2505 | D:3      | Reached skill level 5 in Fighting
  2747 | D:3      | Reached XP level 5. HP: 39/48 MP: 5/5
  2947 | D:3      | Identified the +6 chain mail of Ufuapt {rC+ rN++ rCorr
                  | Dex-5}
  3236 | D:4      | Noticed Grinder
  3246 | D:4      | Paralysed by Grinder for 2 turns
  3488 | D:3      | Paralysed by Grinder for 3 turns
  3672 | D:4      | Reached skill level 5 in Axes
  4078 | D:4      | Reached skill level 1 in Shields
  4137 | D:4      | Noticed Edmund
  4159 | D:4      | Slain by Edmund

Illustrated notes

Levels and vault maps discovered:
D:1:      minmay_arrival_stone_box, layout_basic,
          shapermc_ecumenical_altar_totnotflames, minmay_close_crescents
D:2:      minmay_chambers_of_ones, layout_loops_ring, chequers_mini_garden
D:3:      layout_basic, grunt_decor_mini_mirrors
D:4:      layout_layer_cave, uniq_robin, uniq_edmund, uniq_grinder

Skill      XL: |  1  2  3  4  5 |
---------------+----------------+-----
Fighting       | 4 5 |  5.5
Armour         | 1 2 |  2.0
Axes           | 5 |  5.1
Shields        | 1 |  1.0
Dodging        | |  2.9
Stealth        | |  1.9

Action                   |  1- 3 |  4- 6 || total
-------------------------+-------+-------++-------
Melee: Hand axe          |    20 |       ||    20
       War axe           |    69 |   143 ||   212
  Use: Scroll            |       |     5 ||     5
 Stab: Sleeping          |     8 |     1 ||     9
Armor: Robe              |     6 |       ||     6
       Leather armour    |    23 |    26 ||    49
       Chain mail        |       |    55 ||    55
Dodge: Dodged            |    76 |    68 ||   144
Block: Tower shield      |       |    40 ||    40

Table legend: (Time is in decaauts)
 A = Elapsed time spent in this place.
 B = Non-inter-level travel time spent in this place.
 C = Inter-level travel time spent in this place.
 D = Time resting spent in this place.
 E = Time spent auto-exploring this place.
 F = Levels seen in this place.
 G = Mean time per level.
                   A        B        C        D        E       F      G
               +--------+--------+--------+--------+--------+-----+--------+
         Total |   4255 |   4196 |     59 |    872 |   2509 |   4 | 1063.8 |
       Dungeon |   4255 |   4196 |     59 |    872 |   2509 |   4 | 1063.8 |
               +--------+--------+--------+--------+--------+-----+--------+

Top non-repeatable levels by time:
     D:2: 1601 daAuts
     D:3: 949 daAuts
     D:1: 908 daAuts
     D:4: 796 daAuts
